[Event "Early-Titled-Tuesday-Blitz-January-23-2024"]
[Site "Chess.com"]
[Date "2024.01.23"]
[Round "6"]
[White "kai_nov"]
[Black "IsaqueGoncalvesSanto"]
[Result "1-0"]
[WhiteElo "2300"]
[BlackElo "1814"]
[TimeControl "180+1"]
[EndTime "9:05:54 PST"]
[Termination "kai_nov won on time"]

1. d4 d5 2. Nc3 e6 3. Nf3 Nf6 4. Bg5 Be7 5. Bxf6 Bxf6 6. e4 dxe4 7. Nxe4 Be7 8. c3 O-O 9. Bd3 b6 10. Qe2 Bb7 11. O-O-O Qd5 12. h4 Qxa2 13. Neg5 h6 14. Bc4 Qa1+ 15. Kc2 Qa4+ 16. Bb3 Qc6 17. Nxf7 Qe4+ 18.
Kd2 Qxe2+ 19. Kxe2 Bxf3+ 20. gxf3 Kxf7 21. d5 Kg8 22. dxe6 Na6 23. Bc4 Nc5 24. b4 Na4 25. Rd7 Nxc3+ 26. Kd3 Bxb4 27. e7+ Rf7 28. Rd8+ Kh7 29.
e8=Q Rxf3+ 30. Kc2 Rxf2+ 31. Kb3 Rxd8 32. Qxd8 1-0

[Event "Early-Titled-Tuesday-Blitz-January-23-2024"]
[Site "Chess.com"]
[Date "2024.01.23"]
[Round "6"]
[White "leopato"]
[Black "vovachesss"]
[Result "0-1"]
[WhiteElo "2257"]
[BlackElo "2839"]
[TimeControl "180+1"]
[EndTime "9:05:55 PST"]
[Termination "vovachesss won on time"]

1. d4 g6 2. e4 Bg7 3. c3 d6 4. Nf3 a6 5. Bc4 b5 6. Bb3 e6 7.
O-O Bb7 8. Re1 Nd7 9. a4 Ne7 10. Na3 bxa4 11. Bxa4 O-O 12. Bg5 h6 13. Bd2 Nf6 14.
Bc2 d5 15. e5 Ne4 16. Be3 Nf5 17. Bxe4 dxe4 18. Nd2 Qh4 19. Nac4 Rad8 20. Na5 Ba8 21.
Nf1 Bxe5 22. Qa4 Bd6 23. Nc4 Qg4 24. h3 Qh5 25. Qxa6 Nh4 26. Ra5 g5 27. Ne5 f6 28.
Ng4 f5 29. Ngh2 f4 30. Bc1 e3 31. fxe3 f3 32. gxf3 Nxf3+ 33. Nxf3 Qxf3 34. e4 Qf2+ 35. Kh1 Qxe1 0-1

[Event "Early-Titled-Tuesday-Blitz-January-23-2024"]
[Site "Chess.com"]
[Date "2024.01.23"]
[Round "6"]
[White "Horokoskii"]
[Black "stepanosinovsky"]
[Result "0-1"]
[WhiteElo "2065"]
[BlackElo "2367"]
[TimeControl "180+1"]
[EndTime "9:05:57 PST"]
[Termination "stepanosinovsky won on time"]

1. e4 Nc6 2. d4 e5 3. d5 Nce7 4. c4 Ng6 5. Nc3 Bc5 6. Nf3 d6 7. h3 f5 8. Bd3 Nh4 9. Nxh4 Qxh4 10. Qf3 fxe4 11. Nxe4 Bb4+ 12. Bd2 Bxd2+ 13. Nxd2 Nf6 14.
Ne4 O-O 15. Qg3 Qh6 16. Qg5 Qxg5 17. Nxg5 h6 18. Ne4 Nxe4 19. Bxe4 Rf4 20. f3 a5 21. Ke2 b6 22. Ke3 g5 23. Raf1 Bd7 24. b3 Kg7 25.
Rhg1 Raf8 26. Rf2 Bc8 27. Rgf1 h5 28. g3 R4f6 0-1

[Event "Early-Titled-Tuesday-Blitz-January-23-2024"]
[Site "Chess.com"]
[Date "2024.01.23"]
[Round "6"]
[White "AlexPapasimakopoulos"]
[Black "Rud_Makarian"]
[Result "1-0"]
[WhiteElo "2730"]
[BlackElo "2988"]
[TimeControl "180+1"]
[EndTime "9:05:58 PST"]
[Termination "AlexPapasimakopoulos won by resignation"]

1. d4 Nf6 2. c4 g6 3. Nc3 Bg7 4. Nf3 d6 5. Bg5 h6 6. Bh4 O-O 7. e3 c5 8. Be2 Nc6 9. O-O g5 10.
Bg3 Nh5 11. d5 Na5 12. Nd2 Nxg3 13. hxg3 e6 14. g4 exd5 15. Nxd5 Bxb2 16. Rb1 Bg7 17. Bd3 Nc6 18. Bf5 b6 19. Ne4 Ne5 20. Qe2 Ba6 21.
Rfc1 Re8 22. g3 Nc6 23. Kg2 Bb7 24. Kh2 Nd4 25. exd4 Bxd4 26. Rd1 Kg7 27. Rd3 Bxd5 28. cxd5 Be5 29. Kg2 a6 30. a4 Rb8 31. Rdb3 a5 32.
Qa6 Qc7 33. Rxb6 c4 34. Rc6 Qe7 35. Rxb8 Rxb8 36. Qxc4 Rb2 37. Rc7 Qf8 38. Be6 1-0

[Event "Early-Titled-Tuesday-Blitz-January-23-2024"]
[Site "Chess.com"]
[Date "2024.01.23"]
[Round "6"]
[White "Predator0608"]
[Black "Harry_Rakkel"]
[Result "1-0"]
[WhiteElo "2524"]
[BlackElo "2653"]
[TimeControl "180+1"]
[EndTime "9:05:58 PST"]
[Termination "Predator0608 won by resignation"]

1. e4 c6 2. d4 d5 3. f3 e6 4. Nd2 Nf6 5. Ne2 Be7 6. g3 dxe4 7. Nxe4 Nxe4 8. fxe4 e5 9. c3 exd4 10. cxd4 Bg4 11.
Be3 Bf3 12. Rg1 Bxe4 13. Qb3 Qb6 14. Nc3 Bg6 15. Qxb6 axb6 16. d5 Nd7 17. Bg2 Ne5 18.
O-O-O Nc4 19. Bf4 O-O 20. dxc6 bxc6 21. Bxc6 Rac8 22. Bd7 Rc5 23. Rge1 Bf6 24. Bd2 h5 25. Ba4 Ra8 26. Bb3 Nxd2 27. Kxd2 Bg5+ 28. Ke2 Rf5 29. Rd5 Re8+ 30. Kd1 h4 31. Rxe8+ Kh7 32. Rxf5 Bxf5 33. Bc2 1-0

[Event "Early-Titled-Tuesday-Blitz-January-23-2024"]
[Site "Chess.com"]
[Date "2024.01.23"]
[Round "6"]
[White "FLYD"]
[Black "DeArron_Fox"]
[Result "1-0"]
[WhiteElo "2114"]
[BlackElo "2443"]
[TimeControl "180+1"]
[EndTime "9:06:01 PST"]
[Termination "FLYD won on time"]

1. e4 c5 2. Nf3 e6 3. g3 d5 4.
exd5 exd5 5. d4 Nf6 6. Bg2 Be7 7.
O-O O-O 8. Re1 Nc6 9. c3 Bg4 10. h3 Bh5 11. Be3 Ne4 12. Qc2 Rc8 13. g4 Bg6 14.
Qd1 Qb6 15. b3 cxd4 16. Nxd4 Bc5 17. Nxc6 bxc6 18. b4 Bxe3 19. Rxe3 f5 20. Bxe4 dxe4 21. Nd2 f4 22. Re1 e3 23. fxe3 fxe3 24. Nc4 e2+ 25. Qd4 Qc7 26. Qd6 Qf7 27. Qd4 Qf3 28. Qe3 Qd5 29. Ne5 Rce8 30. Rxe2 1-0

[Event "Early-Titled-Tuesday-Blitz-January-23-2024"]
[Site "Chess.com"]
[Date "2024.01.23"]
[Round "6"]
[White "MKlose11"]
[Black "Janosik"]
[Result "1/2-1/2"]
[WhiteElo "2658"]
[BlackElo "2841"]
[TimeControl "180+1"]
[EndTime "9:06:05 PST"]
[Termination "Game drawn - insufficient material"]

1. e4 e5 2. Nf3 Nc6 3. d4 exd4 4. Bc4 Nf6 5. O-O Nxe4 6. Re1 d5 7. Bxd5 Qxd5 8. Nc3 Qa5 9. Nxe4 Be6 10. Neg5 O-O-O 11. Nxe6 fxe6 12. Rxe6 h6 13. Qe2 Bd6 14. Bd2 Qd5 15. Qe4 Qxe4 16. Rxe4 Rhe8 17. Rae1 Rxe4 18. Rxe4 Bf8 19.
Kf1 Bc5 20. Ke2 a5 21. a3 a4 22. Kd3 b6 23. Ne5 Ne7 24. Nf3 Nf5 25. Re5 Rf8 26. Bb4 Bxb4 27. axb4 g5 28. Re2 g4 29. Nxd4 Rd8 30.
c3 c5 31. bxc5 bxc5 32. Re5 Nxd4 33. Rxc5+ Nc6+ 34. Ke3 Kb7 35. Rc4 Re8+ 36. Kf4 Re2 37. Kg3 Rxb2 38. Rxa4 h5 39. Rf4 Rb5 40. c4 Rc5 41.
Re4 Kc7 42. h3 gxh3 43. Kxh3 Kd6 44. Kh4 Ne7 45. g4 Ng6+ 46. Kh3 hxg4+ 47. Kxg4 Ne5+ 48. Kg3 Nxc4 49. f4 Kd5 50. Re8 Nd6 51. Re5+ Kd4 52. Rxc5 Kxc5 53. Kg4 Kd5 54. Kg5 Ke4 55. f5 Nxf5 1/2-1/2

[Event "Early-Titled-Tuesday-Blitz-January-23-2024"]
[Site "Chess.com"]
[Date "2024.01.23"]
[Round "6"]
[White "Boninknights"]
[Black "ama18"]
[Result "0-1"]
[WhiteElo "2344"]
[BlackElo "2523"]
[TimeControl "180+1"]
[EndTime "9:06:05 PST"]
[Termination "ama18 won by resignation"]

1. d4 Nf6 2. Nf3 e6 3. c4 b6 4. g3 Bb7 5. Bg2 Be7 6. O-O O-O 7. Nc3 Ne4 8. Nxe4 Bxe4 9. Ne1 Bxg2 10. Nxg2 Nc6 11.
d5 Na5 12. b3 Bf6 13. Rb1 exd5 14. cxd5 Nb7 15. e4 Re8 16. Re1 d6 17. b4 a5 18. a3 axb4 19. axb4 Qd7 20. Bb2 Bxb2 21. Rxb2 Qa4 22. Qxa4 Rxa4 23. f3 f6 24. Rc1 Re7 25. Nf4 Nd8 26. Rbc2 Ra7 27. b5 Kf7 28. g4 Ke8 29.
Nh5 Kd7 30. Ng3 g6 31. h4 Kc8 32. g5 fxg5 33. hxg5 Ra5 34. Rb2 Nb7 35. Ne2 Nc5 36. Rc4 Nd3 37. Rbc2 Rxb5 38. Nd4 Rb1+ 39. Kg2 Ne1+ 40.
Kg3 Nxc2 41. Rxc2 Rg1+ 42. Kf4 Rf7+ 43. Ke3 Rxg5 44. Nb5 Kd8 45. Ra2 Rg1 46. Ra8+ Kd7 47. Nxc7 Re1+ 48. Kd2 Rb1 49. Nb5 Rxb5 0-1

[Event "Early-Titled-Tuesday-Blitz-January-23-2024"]
[Site "Chess.com"]
[Date "2024.01.23"]
[Round "6"]
[White "alexrustemov"]
[Black "GHANDEEVAM2003"]
[Result "0-1"]
[WhiteElo "2887"]
[BlackElo "3036"]
[TimeControl "180+1"]
[EndTime "9:06:06 PST"]
[Termination "GHANDEEVAM2003 won on time"]

1. d4 e6 2. c4 c5 3. d5 exd5 4.
cxd5 d6 5. Nc3 a6 6. e4 b5 7. Bd3 g6 8. h3 Bg7 9. Nf3 Ne7 10. O-O O-O 11. Bf4 c4 12. Bc2 Qb6 13. Qd2 Nd7 14. Bh6 Nc5 15. Bxg7 Kxg7 16. Qd4+ f6 17. b4 cxb3 18.
axb3 Bb7 19. b4 Nd7 20. Qxb6 Nxb6 21. Bd3 f5 22. Nd4 Rfc8 23. Rfc1 fxe4 24. Ne6+ Kh6 25. Nxe4 Bxd5 26. Nc7 Bxe4 27. Bxe4 Ra7 28. Ne6 Rxc1+ 29. Rxc1 d5 30. Bd3 Nc4 31. h4 Nc6 32. g4 Re7 33.
Nf4 Nxb4 34. g5+ Kg7 35. Bf1 Re4 36. Ng2 a5 37. f3 Rd4 38. Re1 Kf7 39. f4 a4 40. h5 a3 41. f5 gxf5 42. h6 a2 0-1

[Event "Early-Titled-Tuesday-Blitz-January-23-2024"]
[Site "Chess.com"]
[Date "2024.01.23"]
[Round "6"]
[White "RCone"]
[Black "RodokininEV"]
[Result "0-1"]
[WhiteElo "2428"]
[BlackElo "2611"]
[TimeControl "180+1"]
[EndTime "9:06:08 PST"]
[Termination "RodokininEV won by checkmate"]

1. e4 e6 2. d4 d5 3. e5 b6 4.
c3 Qd7 5. Nf3 Ba6 6. Bxa6 Nxa6 7. O-O h5 8. Qd3 Nb8 9. h4 Nh6 10. Bxh6 Rxh6 11. Nbd2 Nc6 12. a3 Ne7 13. b3 Nf5 14. c4 Be7 15. g3 Rg6 16. Kh2 O-O-O 17. c5 Rg4 18. Rfc1 Kb8 19. b4 Rg8 20. a4 g5 21.
hxg5 h4 22. Nf1 Bxg5 23. a5 hxg3+ 24. fxg3 Bf4 25. axb6 Bxg3+ 26. Kh3 cxb6 27. cxb6 Qd8 28. Rc8+ Qxc8 29. Rxa7 Qc6 30. Qa3 R4g6 31. b7 Rh6+ 32.
Nh4 Rxh4+ 33. Kg2 Bxe5+ 34. Kf3 Nxd4+ 35. Kf2 Qc2+ 36. Ke1 Qe2# 0-1

[Event "Early-Titled-Tuesday-Blitz-January-23-2024"]
[Site "Chess.com"]
[Date "2024.01.23"]
[Round "6"]
[White "eightbyeightchess"]
[Black "hakanazeri2"]
[Result "1-0"]
[WhiteElo "2396"]
[BlackElo "2571"]
[TimeControl "180+1"]
[EndTime "9:06:09 PST"]
[Termination "eightbyeightchess won by resignation"]

1. e4 c5 2. Nf3 d6 3. d4 cxd4 4.
Qxd4 Nc6 5. Bb5 Bd7 6. Bxc6 bxc6 7. Nc3 e5 8. Qd3 h6 9. Be3 Nf6 10. h3 Be6 11. O-O Be7 12. Nd2 O-O 13. Rad1 d5 14.
exd5 cxd5 15. Nf3 e4 16. Qe2 exf3 17. Qxf3 Rb8 18. b3 Qa5 19. Bd4 Rfc8 20. a4 Ne4 21. Nxe4 dxe4 22. Qxe4 Qf5 23. Qe3 Rxc2 24. Qg3 Bg5 25.
Qxb8+ Rc8 26. Qxa7 Bd5 27. Bxg7 Qe4 28. f3 Qe2 29.
Bd4 Rc2 30. Bf2 Bxb3 31. Qb8+ Kh7 32. Qxb3 Rc6 33. Qd3+ 1-0

[Event "Early-Titled-Tuesday-Blitz-January-23-2024"]
[Site "Chess.com"]
[Date "2024.01.23"]
[Round "6"]
[White "MalyDominator"]
[Black "NowInChess"]
[Result "1-0"]
[WhiteElo "2524"]
[BlackElo "2279"]
[TimeControl "180+1"]
[EndTime "9:06:09 PST"]
[Termination "MalyDominator won on time"]

1. e4 e6 2. d3 d5 3. Nd2 Nf6 4. Ngf3 c5 5. g3 Be7 6. Bg2 b5 7. O-O Nc6 8. e5 Nd7 9. Re1 Qc7 10. Qe2 g5 11. h3 h5 12. Nf1 g4 13. hxg4 hxg4 14. N3h2 Qxe5 15. Nxg4 Qxe2 16. Rxe2 Nd4 17.
Rd2 Nf6 18. Nxf6+ Bxf6 19. c3 Nf5 20. Re2 Bb7 21. Bf4 O-O-O 22. a4 b4 23. cxb4 Nd4 24. Ree1 Nc2 25. Rec1 Nxa1 26. Rxc5+ Kd7 27. Rc7+ Ke8 28.
Rxb7 e5 29. Be3 d4 30. Bd2 Nb3 31. Be1 Nc1 32. Be4 Kf8 33. b5 Kg7 34. Rxa7 Rb8 35. Rc7 Nb3 36. Bd5 Na1 37. Rxf7+ Kg6 38. Rc7 Rhc8 39.
Rxc8 Rxc8 40. b6 Bd8 41. a5 Rb8 42. Nd2 Bxb6 43. axb6 Rxb6 44. Nc4 Rb5 45. Be4+ Kf6 46. Kg2 Nc2 47. Bd2 Nb4 48. f4 exf4 49. Bxf4 Nd5 50. Kf3 Nb6 51. Be5+ Ke6 52. Bxd4 Nxc4 53. dxc4 Rb4 54.
Bd5+ Kd6 55. Bc3 Rb8 56. g4 Kc5 57. g5 Kd6 58. g6 Rf8+ 59. Kg4 Rf1 60. g7 Rg1+ 61.
Kf3 Rf1+ 62. Kg2 1-0

[Event "Early-Titled-Tuesday-Blitz-January-23-2024"]
[Site "Chess.com"]
[Date "2024.01.23"]
[Round "6"]
[White "BilodeauA"]
[Black "Iball95"]
[Result "1-0"]
[WhiteElo "2935"]
[BlackElo "2766"]
[TimeControl "180+1"]
[EndTime "9:06:10 PST"]
[Termination "BilodeauA won by resignation"]

1. e4 c5 2. Nf3 e6 3. Nc3 Nc6 4. h3 a6 5. d4 cxd4 6. Nxd4 Nf6 7.
Nxc6 bxc6 8. e5 Nd5 9. Ne4 Qc7 10. f4 Rb8 11. c4 Bb4+ 12. Ke2 O-O 13. cxd5 cxd5 14.
Nf2 d6 15. Nd3 Qc4 16. Kf2 dxe5 17. Nxe5 Bc5+ 18. Kg3 Qb4 19. Nc6 Qb6 20. Nxb8 Qxb8 21. Bd3 e5 22. fxe5 Qxe5+ 23. Bf4 Qxb2 24. Qc2 Qb6 25.
Rab1 Qa7 26. Rhf1 h6 27. Kh2 Bd4 28. Kh1 Be6 29. Qe2 Qd7 30. Bc2 Re8 31. Qd3 Bf6 32. Qh7+ Kf8 33. Bxh6 Ke7 34. Bxg7 Bxg7 35. Qxg7 Rg8 36.
Qxg8 1-0

[Event "Early-Titled-Tuesday-Blitz-January-23-2024"]
[Site "Chess.com"]
[Date "2024.01.23"]
[Round "6"]
[White "AlexTruskavetsky"]
[Black "gmcorrales"]
[Result "1-0"]
[WhiteElo "2711"]
[BlackElo "2913"]
[TimeControl "180+1"]
[EndTime "9:06:10 PST"]
[Termination "AlexTruskavetsky won by resignation"]

1. d4 Nf6 2. c4 e6 3. Nc3 Bb4 4.
e3 O-O 5. Bd3 c5 6. a3 cxd4 7.
exd4 Bxc3+ 8. bxc3 d5 9. cxd5 exd5 10. Ne2 h6 11. O-O b6 12. a4 Ba6 13. Ng3 Bxd3 14. Qxd3 Nc6 15. Nf5 Qd7 16. Bxh6 Ne8 17. Rae1 f6 18. Qh3 Rf7 19. Bf4 Rd8 20. Re3 Ne7 21. g4 Nxf5 22. gxf5 Nd6 23. Re6 Ne4 24. Ra1 Re8 25.
a5 Rfe7 26. axb6 axb6 27. Rxb6 Qc8 28. Rc1 Qc4 29. Qf3 Qc8 30. Bg3 Nd2 31. Qd3 Nc4 32.
Rbb1 Re4 33. Rb5 Qxf5 34. Rf1 Qh3 35. Rxd5 Nb2 36. Qb5 Re2 37. Rd8 Rxd8 38. Qxe2 Na4 39. Qc4+ Kh7 40. Qxa4 Rd5 41. Qc2+ Rf5 42. c4 Qg4 43. c5 Qg6 44. c6 Ra5 45. Qxg6+ Kxg6 46. c7 Ra8 47. d5 Ra1 48. c8=Q 1-0

[Event "Early-Titled-Tuesday-Blitz-January-23-2024"]
[Site "Chess.com"]
[Date "2024.01.23"]
[Round "6"]
[White "ukchessbomber"]
[Black "ilqar_74"]
[Result "0-1"]
[WhiteElo "2672"]
[BlackElo "2892"]
[TimeControl "180+1"]
[EndTime "9:06:10 PST"]
[Termination "ilqar_74 won on time"]

1. c4 Nf6 2. Nc3 d5 3. cxd5 Nxd5 4. e3 g6 5. Bc4 Nb6 6. Bb3 Bg7 7. Nf3 O-O 8. O-O c5 9. Bc2 Nc6 10. h3 Nb4 11. a3 Nxc2 12. Qxc2 Bf5 13. e4 Be6 14. d3 Qd7 15. Be3 Rac8 16. Rad1 Rfd8 17. d4 cxd4 18. Bxd4 Qc7 19. Bxg7 Kxg7 20. Nd4 Bc4 21. Rfe1 e5 22. Nf3 Be6 23. Ng5 Bc4 24. Nf3 f6 25.
Qc1 Bf7 26. h4 h5 27. Qe3 Nc4 28. Qc1 Rxd1 29. Rxd1 Nxb2 30. Qxb2 Qxc3 31. Qxb7 Rc7 32. Qb8 Qc2 33. Qd8 Rc6 34. Rd7 Qc1+ 35. Kh2 Rc8 36. Qe7 Rf8 37. g3 Qf1 38. Rd2 Rc8 0-1

[Event "Early-Titled-Tuesday-Blitz-January-23-2024"]
[Site "Chess.com"]
[Date "2024.01.23"]
[Round "6"]
[White "VomDingJetztHer"]
[Black "Let_it_be_1"]
[Result "0-1"]
[WhiteElo "2407"]
[BlackElo "2587"]
[TimeControl "180+1"]
[EndTime "9:06:10 PST"]
[Termination "Let_it_be_1 won by checkmate"]

1. e4 e6 2. d4 d5 3. exd5 exd5 4. Nf3 Nf6 5. Bd3 c5 6. O-O Nc6 7. Re1+ Be7 8. dxc5 O-O 9. c3 Bxc5 10. Be3 Bb6 11. h3 h6 12. Nbd2 Bd7 13. Bxb6 Qxb6 14. Nb3 Rfe8 15.
Qd2 Rad8 16. Nbd4 Ne4 17. Qc2 Nc5 18. Bh7+ Kh8 19. Bf5 Ne4 20. Rad1 g6 21. Bxd7 Rxd7 22. Nxc6 bxc6 23. c4 Rde7 24. b3 Kh7 25. cxd5 cxd5 26. Kf1 Qb5+ 27. Kg1 Qb6 28. Kf1 Rc7 29. Qb2 Rec8 30.
Nd4 Rc2 31. Qa3 Rxf2+ 32. Kg1 Rcc2 33. Kh1 Rxg2 34. Nxc2 Qf2 35. Qd6 Ng3+ 36. Qxg3 Qxg3 37. Ne3 Qh2# 0-1

[Event "Early-Titled-Tuesday-Blitz-January-23-2024"]
[Site "Chess.com"]
[Date "2024.01.23"]
[Round "6"]
[White "ChessQueen"]
[Black "Practical-Play"]
[Result "0-1"]
[WhiteElo "2723"]
[BlackElo "2527"]
[TimeControl "180+1"]
[EndTime "9:06:11 PST"]
[Termination "Practical-Play won on time"]

1. d4 Nf6 2. c4 d5 3. cxd5 Nxd5 4. e4 Nf6 5. Bd3 Nc6 6. Ne2 e5 7. O-O exd4 8. f4 Bc5 9. a3 a5 10. Qc2 Qe7 11. Nd2 O-O 12. e5 Nd5 13. Ne4 Bb6 14. Ng5 h6 15. Nh7 Rd8 16. Kh1 Bg4 17.
Ng3 Ne3 18. Bxe3 dxe3 19. h3 Nd4 20. Qb1 Qh4 21. Kh2 e2 22. Rf2 Nf3+ 23. Rxf3 Bxf3 24.
e6 Bf2 25. exf7+ Kh8 26. Nf5 Qxf4+ 27. g3 Bxg3+ 28. Nxg3 e1=Q 29. Qxe1 Rxd3 30. f8=Q+ Rxf8 31. Nxf8 Rd2+ 32. Kg1 Rg2+ 33. Kf1 Be4+ 0-1

[Event "Early-Titled-Tuesday-Blitz-January-23-2024"]
[Site "Chess.com"]
[Date "2024.01.23"]
[Round "6"]
[White "FARIZA2018"]
[Black "Korchmar_Vasiliy"]
[Result "0-1"]
[WhiteElo "2543"]
[BlackElo "2721"]
[TimeControl "180+1"]
[EndTime "9:06:11 PST"]
[Termination "Korchmar_Vasiliy won by resignation"]

1. e4 c5 2. Nf3 a6 3. c4 Nc6 4. d4 cxd4 5. Nxd4 Nf6 6. Nc3 Qc7 7. Be2 e6 8. O-O Nxd4 9. Qxd4 Bd6 10. h3 b6 11. Be3 Bc5 12. Qd3 Bb7 13. Rfe1 O-O 14. Bf1 h6 15. Bxc5 Qxc5 16. e5 Nh5 17. Qxd7 Bc6 18. Qd2 Rad8 19. Qe3 Qxe3 20. Rxe3 Rd2 21. b3 Nf4 22. g3 Ng6 23. Bg2 Bxg2 24. Kxg2 Rfd8 25.
Rae1 Ne7 26. R3e2 R2d3 27. Ne4 Nc6 28. f4 a5 29. Kf2 a4 30. bxa4 Ra3 31. Nd6 Rxa4 32.
Rb1 Na5 33. Rc2 f6 34. Rxb6 fxe5 35. fxe5 Rf8+ 36. Kg2 Ra3 37. c5 Rff3 38. Ne4 Rfe3 39. Rb4 Nc6 40. Rbc4 Nxe5 41. Rd4 Nc6 42. Rdc4 Ne5 43.
Rb4 Nd3 44. Rb8+ Kh7 45. Rc3 Rxa2+ 0-1

[Event "Early-Titled-Tuesday-Blitz-January-23-2024"]
[Site "Chess.com"]
[Date "2024.01.23"]
[Round "6"]
[White "ImportedItalianMaple"]
[Black "dennisodessa"]
[Result "0-1"]
[WhiteElo "2466"]
[BlackElo "2637"]
[TimeControl "180+1"]
[EndTime "9:06:11 PST"]
[Termination "dennisodessa won on time"]

1. e4 e6 2. Qe2 c5 3. Nf3 Nc6 4. g3 d6 5. Bg2 g6 6. O-O Bg7 7. c3 Nge7 8. Rd1 O-O 9. d4 cxd4 10. cxd4 Qb6 11. d5 Ne5 12. Nxe5 Bxe5 13. Nc3 exd5 14. exd5 Bd7 15. Be3 Qa6 16. Qxa6 bxa6 17. Rac1 Nf5 18. Bd2 Rab8 19. b3 Rfc8 20. Bf1 Nd4 21. Bxa6 Rc5 22. Ne4 Rxd5 23. Be3 Bg4 24. Bc4 Nf3+ 25. Kh1 Rxd1+ 26.
Rxd1 Ng5 27. Nxg5 Bxd1 28. Bxf7+ Kg7 29. Bc4 Bg4 30. f4 Bf6 31. h3 Bd7 32. Bxa7 Ra8 33. Be3 Rxa2 0-1

[Event "Early-Titled-Tuesday-Blitz-January-23-2024"]
[Site "Chess.com"]
[Date "2024.01.23"]
[Round "6"]
[White "LangesNasenhaar"]
[Black "Viktor_Poddubnyi"]
[Result "1-0"]
[WhiteElo "2416"]
[BlackElo "2250"]
[TimeControl "180+1"]
[EndTime "9:06:12 PST"]
[Termination "LangesNasenhaar won by checkmate"]

1. Nf3 g6 2. d4 Bg7 3. g3 Nf6 4. Bg2 d6 5. b3 O-O 6. Bb2 c5 7. O-O cxd4 8. Nxd4 Nc6 9. c4 Bd7 10. Nc3 Nxd4 11. Qxd4 Ne8 12. Qd2 Bc6 13. Nd5 e6 14. Bxg7 Nxg7 15. Nc3 Qe7 16. Rfd1 Rfd8 17. e4 a6 18. a4 Ne8 19. h3 Rac8 20. Qe3 Qf6 21. Rd3 h5 22. h4 Qe7 23. Rad1 Qf6 24. Ne2 Qe7 25. f4 Qc7 26. Kh2 a5 27. f5 Qe7 28.
fxg6 fxg6 29. Nf4 Kh7 30. Bh3 Bd7 31. e5 dxe5 32. Qxe5 Ng7 33. Bxe6 Bxe6 34. Rxd8 Rxd8 35. Rxd8 Qxd8 36. Nxe6 Qd2+ 37. Kh3 Nf5 38. Ng5+ Kg8 39. Qe8+ Kg7 40. Qf7+ Kh6 41. Qh7# 1-0

[Event "Early-Titled-Tuesday-Blitz-January-23-2024"]
[Site "Chess.com"]
[Date "2024.01.23"]
[Round "6"]
[White "Ezov"]
[Black "alekroth65"]
[Result "0-1"]
[WhiteElo "2215"]
[BlackElo "2345"]
[TimeControl "180+1"]
[EndTime "9:06:12 PST"]
[Termination "alekroth65 won on time"]

1. d4 Nf6 2. Nc3 g6 3. h4 Bg7 4.
h5 Nxh5 5. Bg5 Nf6 6. Qd2 d5 7.
O-O-O Nc6 8. f3 h6 9. Bf4 Nh5 10. Bh2 Nxd4 11. g4 Ne6 12. gxh5 d4 13. Ne4 f5 14. Ng3 f4 15. Ne4 g5 16. Bh3 Qd5 17. Kb1 c5 18. Qa5 b6 19. Qa4+ Bd7 20. Qb3 c4 21.
Qb4 Kf7 22. Bg4 a5 23. Qd2 b5 24. Nh3 b4 25. Bxe6+ Bxe6 26. Rhg1 c3 27. Nhxg5+ hxg5 28. Nxg5+ Qxg5 29. Qd3 Qf5 30. Rdf1 Bf6 0-1

[Event "Early-Titled-Tuesday-Blitz-January-23-2024"]
[Site "Chess.com"]
[Date "2024.01.23"]
[Round "6"]
[White "malakismayil"]
[Black "Bkmzzzzz"]
[Result "1-0"]
[WhiteElo "2569"]
[BlackElo "2395"]
[TimeControl "180+1"]
[EndTime "9:06:14 PST"]
[Termination "malakismayil won by checkmate"]

1. e4 d6 2. d4 Nf6 3. Nc3 e5 4. dxe5 dxe5 5. Qxd8+ Kxd8 6. Nf3 Bd6 7. Bg5 Be6 8. O-O-O Nd7 9. Bxf6+ gxf6 10. Nd5 Kc8 11. c4 Bc5 12. Rd2 c6 13. Ne3 Kc7 14. Nh4 Nb6 15.
Nhf5 a5 16. Be2 Bb4 17. Rdd1 a4 18. a3 Bc5 19. Rd2 Rhg8 20. g3 Rad8 21. Rhd1 Rxd2 22. Rxd2 Rd8 23. Rxd8 Kxd8 24. Kc2 Bxf5 25. exf5 Bd4 26. Nd1 Ke7 27. f3 Kd6 28. b4 axb3+ 29. Kxb3 Kc5 30. g4 h6 31. h4 Nd7 32. Bd3 Kb6 33.
Be4 Nc5+ 34. Kc2 Ka5 35. Kb1 Ka4 36. Ka2 Ka5 37. Bc2 Nd7 38. Kb3 Nb6 39. Be4 Nd7 40. Bc2 Nc5+ 41. Ka2 Nd7 42. Bd3 Kb6 43. Be2 Kc5 44. Kb3 Nb6 45. a4 Nc8 46. a5 Nd6 47.
Bd3 Ne8 48. Nc3 Nc7 49. Ne4# 1-0

[Event "Early-Titled-Tuesday-Blitz-January-23-2024"]
[Site "Chess.com"]
[Date "2024.01.23"]
[Round "6"]
[White "deribas12345"]
[Black "NM_Antelacus"]
[Result "0-1"]
[WhiteElo "2457"]
[BlackElo "2208"]
[TimeControl "180+1"]
[EndTime "9:06:14 PST"]
[Termination "NM_Antelacus won on time"]

1. d4 Nf6 2. c4 e6 3. Nc3 Bb4 4. a3 Bxc3+ 5. bxc3 O-O 6. f3 c5 7. e4 d5 8. e5 Nfd7 9. Nh3 Nc6 10.
cxd5 exd5 11. Be3 Qa5 12. Qd2 cxd4 13. cxd4 Nb6 14. Qxa5 Nxa5 15. Nf4 Be6 16. Kf2 Rfc8 17. Bd3 Nbc4 18. Rhb1 b6 19. Rb5 Rd8 20. a4 Rac8 21. g4 Rd7 22. Bf5 Rc6 23. Rc1 Nxe3 24. Rxc6 Nxg4+ 25. fxg4 Nxc6 26. Nxe6 g6 27. Nc5 Re7 28. Nb3 gxf5 29.
gxf5 Rd7 30. Ke3 Kf8 31. a5 bxa5 32. Nxa5 Nxa5 33. Rxa5 Ke7 34. f6+ Ke6 35. Kf4 Rb7 36. Ra6+ Kd7 37. Rd6+ Ke8 38. Rxd5 Rb2 39. Ra5 Rxh2 40.
Rxa7 Rh4+ 41. Ke3 h5 0-1

[Event "Early-Titled-Tuesday-Blitz-January-23-2024"]
[Site "Chess.com"]
[Date "2024.01.23"]
[Round "6"]
[White "C_K_G"]
[Black "BashiqChess"]
[Result "0-1"]
[WhiteElo "2116"]
[BlackElo "2464"]
[TimeControl "180+1"]
[EndTime "9:06:14 PST"]
[Termination "BashiqChess won by resignation"]

1. e4 c5 2. Nf3 g6 3. d4 cxd4 4. Nxd4 Nc6 5. Nc3 Bg7 6. Be3 Nf6 7. Be2 O-O 8. O-O d5 9. exd5 Nxd5 10. Nxd5 Nxd4 11.
Bxd4 Qxd5 12. Bxg7 Qxd1 13. Raxd1 Kxg7 14. Bf3 Be6 15. Bd5 Bf5 16. Rfe1 Kf6 17. c4 Rac8 18. b3 Rc7 19.
Be4 Be6 20. Re3 a5 21. Rf3+ Kg7 22. Bd5 Rd8 23. Rfd3 Bf5 24. R3d2 Rcd7 25. f3 h5 26. Rd4 e6 27. g4 hxg4 28. fxg4 e5 29. R4d2 Bxg4 30.
Re1 f6 31. Kf2 Be6 32. Red1 Bxd5 33. cxd5 f5 34. Ke3 Kf6 35. h4 Rh8 36. Rh1 b6 37. Rdd1 e4 38. Kf4 Rxh4+ 39. Rxh4 g5+ 40. Kg3 gxh4+ 41. Kxh4 Ke5 42. Rc1 Rxd5 43. Rc6 Rd6 44. Rc8 Kf4 45. Kh3 Rg6 46. Kh2 e3 47. Re8 Kf3 0-1

[Event "Early-Titled-Tuesday-Blitz-January-23-2024"]
[Site "Chess.com"]
[Date "2024.01.23"]
[Round "6"]
[White "Pastore1978"]
[Black "dmosesov"]
[Result "0-1"]
[WhiteElo "2279"]
[BlackElo "2612"]
[TimeControl "180+1"]
[EndTime "9:06:14 PST"]
[Termination "dmosesov won by checkmate"]

1. c4 b6 2. d4 Nf6 3. g3 Bb7 4.
Nf3 g6 5. Bg2 Bg7 6. O-O O-O 7.
Nc3 Ne4 8. Nxe4 Bxe4 9. d5 c6 10.
Qb3 Na6 11. Rd1 Nc5 12. Qe3 cxd5 13. cxd5 Rc8 14. Nd4 Bxg2 15. Kxg2 Re8 16. Rb1 Qc7 17. Nb3 Qb7 18. Nxc5 Rxc5 19. Qd3 e6 20. e4 exd5 21.
exd5 Re5 22. Bf4 Rexd5 23. Qf3 Qc6 24. Re1 h5 25. Re8+ Kh7 26. Rbe1 Rc2 27. R1e7 Rf5 28. Qxc6 dxc6 29. Rxa7 Bd4 30. Ree7 Rxf2+ 31. Kh3 g5 32. Bd6 g4+ 33. Kh4 Rxh2# 0-1

[Event "Early-Titled-Tuesday-Blitz-January-23-2024"]
[Site "Chess.com"]
[Date "2024.01.23"]
[Round "6"]
[White "tolia123"]
[Black "Aleksandar-Topalov"]
[Result "0-1"]
[WhiteElo "2088"]
[BlackElo "2345"]
[TimeControl "180+1"]
[EndTime "9:06:14 PST"]
[Termination "Aleksandar-Topalov won by checkmate"]

1. e4 e6 2. d4 d5 3. exd5 exd5 4. Bd3 Bd6 5. Qf3 Ne7 6. Ne2 Be6 7. Bf4 Nbc6 8. Nd2 Qd7 9. h3 O-O-O 10. O-O-O Bxf4 11. Qxf4 Bf5 12. Nf3 f6 13. g4 Bxd3 14. Rxd3 Ng6 15. Qd2 Rde8 16. Ng3 Re4 17. Re3 Rxe3 18. fxe3 Re8 19.
Re1 a6 20. Nh5 f5 21. gxf5 Nge7 22. Nxg7 Rf8 23. Ne6 Rxf5 24. Nc5 Qe8 25. Qg2 Qf7 26. Nd2 Rf2 27. Qg4+ Kb8 28. e4 dxe4 29. Ncxe4 Rf4 30.
Qd7 Qxa2 31. Nc5 Qa1+ 32. Nb1 Qa5 33. Qe8+ Ka7 34. Rxe7 Nxe7 35. Qxe7 Rf1+ 36. Qe1 Rxe1# 0-1